 Dungeon Crawl Stone Soup version 0.21.1-1-g345015f (webtiles) character file.

186 inc the Ducker (level 5, -2/24 HPs)
             Began as a Felid Monk on Feb 21, 2018.
             Was a Believer of Ru.
             Slain by an orc priest (5 damage)
             ... on level 4 of the Dungeon.
             The game lasted 00:07:12 (4211 turns).

inc the Ducker (Felid Monk)                         Turns: 4211, Time: 00:07:13

Health: -2/24      AC:  1    Str:  7    XL:     5   Next: 38%
Magic:  6/6        EV: 22    Int: 13    God:    Ru [**....]
Gold:   163        SH:  0    Dex: 18    Spells: 4/4 levels left
                                        Lives:  0   Deaths: 1

rFire    x . .     SeeInvis +     - Unarmed
rCold    x . .     Gourm    .   (shield unavailable)
rNeg     . . .     Faith    .   (armour unavailable)
rPois    .         Spirit   .   (helmet unavailable)
rElec    .         Reflect  .   (cloak unavailable)
rCorr    .         Harm     .   (gloves unavailable)
MR       .....                  (boots unavailable)
Stlth    +++.......             (no amulet)
HPRegen  0.08/turn              (no ring)
MPRegen  0.10/turn              (no ring)

@: quick
A: very small, no armour, no weapons or thrown items, stealth, claws 1, fangs 3,
see invisible, carnivore, speed 1, shaggy fur 1, slow metabolism 1, sharp paws,
temperature sensitive
a: Renounce Religion


You were on level 4 of the Dungeon.
You worshipped Ru.
Ru was pleased with you.
You were not hungry.

You visited 1 branch of the dungeon, and saw 4 of its levels.

You collected 163 gold pieces.

Inventory:

Jewellery
 p - a +2 ring of dexterity {unknown}
Scrolls
 c - 2 scrolls of enchant armour {unknown}
 e - a scroll of magic mapping {unknown}
 i - a scroll of fear {unknown}
 j - 2 scrolls of amnesia {unknown}
 l - 2 scrolls of identify {unknown}
 m - 3 scrolls of remove curse {unknown}
 o - a scroll of teleportation {unknown}
Potions
 b - a potion of cancellation {unknown}
 d - 2 potions of ambrosia {unknown}
 f - 2 potions of agility {unknown}
 g - 4 potions of curing
 h - a potion of haste {unknown}
 k - a potion of degeneration {unknown}
 n - a potion of brilliance {unknown}
 q - a potion of lignification {unknown}
Comestibles
 a - 7 rations


   Skills:
 - Level 3.0 Fighting
 + Level 6.6 Dodging
 - Level 2.6 Stealth
 - Level 5.5 Unarmed Combat


You had 4 spell levels left.
You didn't know any spells.

Dungeon Overview and Level Annotations

Branches:
Dungeon (4/15)
 Temple: D:4-7

Altars:
Ashenzari
Elyvilon
Hepliaklqana
Ru

Shops:
D:4 [

Annotations:
D:4 Natasha


Innate Abilities, Weirdness & Mutations

You cannot wear armour.
You are incapable of wielding weapons or throwing items.
Your paws allow you to move quietly. (Stealth)
You have sharp claws.
You have razor-sharp teeth.
You have supernaturally acute eyesight. (SInv)
You are carnivorous and can eat meat at any time.
You cover ground quickly.
You are covered in fur. (AC +1)
You have a slow metabolism.
Your sharp claws are effective at attacking unaware monsters.
You are sensitive to extremes of temperature. (rF-, rC-)


Message History

You scratch Natasha but do no damage.
Natasha is heavily wounded.
Natasha completely misses you.
You closely miss Natasha.
Natasha is heavily wounded.
Natasha claws you.
You scratch Natasha.
Natasha is severely wounded.
The orc priest calls down the wrath of Beogh upon you.
Beogh smites you!
* * * LOW HITPOINT WARNING * * *
Natasha closely misses you.
You scratch Natasha.
Natasha is severely wounded.
The orc priest completely misses you. Natasha claws you.
* * * LOW HITPOINT WARNING * * *
You closely miss Natasha.
Natasha is severely wounded.
The orc priest hits you.
You die...

#.# ##...........########
#.#####......<.............
#....##.##.##.####........)
####.##∩##.##.# #.########
##.##.##.##)# #.# #...
#####...#.##.##.## #.#
###.#.
#.....#.#.#......###.#
#...#.
#.###...#.#..........#
#.#### #.#
#####...@h...##### #...#.
#.# ##.#.o...# ###.#. #.#
#.#.....# #... #.#
#.###.### ##.# #.# #.# #.#
#.# #.# #.# #.# #.# #.# #.#
#.# #.# #.# #.# #.# #.# #.#
#.# #.# #.#


You could see an orc priest and Natasha.

Vanquished Creatures
  A scorpion (D:4)
  A hound (D:4)
  An iguana (D:4)
  Natasha (D:4)
  8 adders
  An ooze (D:2)
  4 dart slugs
  A worm (D:4)
  A leopard gecko (D:1)
  9 orcs (D:4)
  3 bats
  8 giant cockroaches
  7 goblins
  6 hobgoblins
  2 quokkas (D:2)
  5 frilled lizards
  8 kobolds
  3 rats
70 creatures vanquished.

Notes
Turn   | Place    | Note
-------+----------+-------------------------------------------
     0 | D:1      | inc the Felid Monk began the quest for the Orb.
     0 | D:1      | Reached XP level 1. HP: 10/10 MP: 2/2
   173 | D:1      | Reached XP level 2. HP: 14/14 MP: 3/3
   434 | D:1      | Reached skill level 5 in Dodging
  1118 | D:2      | Reached XP level 3. HP: 17/17 MP: 4/4
  1418 | D:2      | Reached skill level 6 in Dodging
  1956 | D:2      | Reached XP level 4. HP: 21/21 MP: 5/5
  3059 | D:3      | Found a sacrificial altar of Ru.
  3096 | D:3      | Found a white marble altar of Elyvilon.
  3111 | D:3      | Became a worshipper of Ru the Awakened
  3116 | D:3      | Gained mutation: You are sensitive to extremes of temperature. (rF-, rC-) [Ru sacrifice]
  3116 | D:3      | Reached * piety under Ru
  3116 | D:3      | Reached ** piety under Ru
  3317 | D:4      | Noticed Natasha
  3397 | D:4      | Reached XP level 5. HP: 18/24 MP: 6/6
  3446 | D:4      | HP: 1/24 [poisoned by a scorpion]
  3658 | D:4      | Killed from afar by an orc priest
  3659 | D:4      | Reached XP level 4. HP: -2/21 MP: 5/5
  3659 | D:4      | Found Gogegg's Armour Shop.
  3694 | D:4      | Reached skill level 5 in Unarmed Combat
  3714 | D:4      | Reached XP level 5. HP: 23/24 MP: 6/6
  3744 | D:4      | Found a shattered altar of Ashenzari.
  3803 | D:4      | Killed Natasha
  3958 | D:4      | Found a hazy altar of Hepliaklqana.
  4201 | D:4      | Noticed Natasha
  4211 | D:4      | Slain by an orc priest

Skill      XL: |  1  2  3  4 |
---------------+-------------+-----
Dodging        | 5 6 |  6.6
Unarmed Combat | 5 |  5.5
Fighting       | |  3.0
Stealth        | |  2.6

Action                   |  1- 3 |  4- 6 || total
-------------------------+-------+-------++-------
Melee: Unarmed           |   109 |   134 ||   243
       Bite              |     5 |    13 ||    18
       Punch             |       |     3 ||     3
Invok: Sacrifice Resista |       |     1 ||     1
  Use: Potion            |       |     1 ||     1
 Stab: Sleeping          |     7 |     9 ||    16
  Eat: Chunk             |     2 |     4 ||     6
Armor: Skin              |     1 |     1 ||     2
Dodge: Dodged            |    81 |   115 ||   196
